 Dungeon Crawl Stone Soup version 0.30-a0-760-g5a9884bb7c (webtiles) character file.

Game seed: 3365018082892233004

50 funkygono the Firebug (level 3, -1/19 HPs)
             Began as a Gargoyle Fire Elementalist on Feb 11, 2023.
             Slain by a goblin
             ... wielding a +0 dagger
             ... led by Robin
              (5 damage)
             ... on level 2 of the Dungeon.
             The game lasted 00:02:44 (1558 turns).

funkygono the Firebug (Gargoyle Fire Elementalist)  Turns: 1558, Time: 00:02:44

Health: -1/19      AC:  5    Str: 11    XL:     3   Next: 79%
Magic:  6/6        EV: 12    Int: 17    God:
Gold:   112        SH:  0    Dex: 10    Spells: 1/7 levels left

rFire   . . .      SeeInvis .    j - +0 whip
rCold   . . .      Faith    .    (no shield)
rNeg    + . .      Spirit   .    a - +0 robe
rPois   ∞          Reflect  .    (no helmet)
rElec   +          Harm     .    (no cloak)
rCorr   +          Rampage  .    (no gloves)
Will    .....                    (no boots)
Stlth   ++                       (no amulet)
HPRegen 0.23/turn                l - ring of resist corrosion
MPRegen 0.10/turn                (no ring)

@: very slightly contaminated
A: sickness immunity, AC +3, negative energy resistance 1, electricity
resistance, torment resistance 1, petrification resistance
a: no special abilities


You were on level 2 of the Dungeon.
You visited 1 branch of the dungeon, and saw 2 of its levels.

You collected 112 gold pieces.

Inventory:

Hand Weapons
 c - a +0 club
 j - a +0 whip (weapon)
 o - a +2 heavy hammer
 p - a +3 hammer of draining
 q - the +4 hammer of Flawed Execution {antimagic, rPois rC- rCorr Int+6}
   (You found it on level 2 of the Dungeon)

   Int:       It affects your intelligence (+6).
   rC:        It makes you vulnerable to cold.
   rPois:     It protects you from poison.
   rCorr:     It protects you from acid and corrosion.
Armour
 a - a +0 robe (worn)
Jewellery
 l - a ring of resist corrosion (left hand)
Scrolls
 d - 3 scrolls of identify {unknown}
 h - a scroll of blinking {unknown}
 i - a scroll of amnesia {unknown}
 m - a scroll of vulnerability {unknown}
 n - a scroll of magic mapping {unknown}
Potions
 b - a potion of magic
 e - a potion of curing {unknown}
 f - 2 potions of resistance {unknown}
 g - a potion of degeneration {unknown}
 k - a potion of brilliance {unknown}


   Skills:
 + Level 1.8 Dodging
 - Level 2.1 Stealth
 + Level 2.6 Spellcasting
 + Level 1.2 Conjurations
 + Level 3.9 Fire Magic


You had one spell level left.
You knew the following spells:

 Your Spells              Type           Power      Damage    Failure   Level
a - Foxfire               Conj/Fire      44%        2x1d6     6%          1
b - Scorch                Fire           30%        2d7       5%          2
c - Kindle Blastsparks    Fire/Tloc/Air  12%        2d11      32%         3

Your spell library contained the following spells:

 Spells                   Type           Power      Damage    Failure   Level
 Inner Flame              Hex/Fire       8%         N/A       24%         3
 Flame Wave               Conj/Fire      11%        2d6       52%         4


Dungeon Overview and Level Annotations

Branches:
Dungeon (2/15)

Altars:

Annotations:
D:2 1 runed translucent door, Crazy Yiuf, Robin


Innate Abilities, Weirdness & Mutations

You are immune to sickness and miasma.
Your stone body is resilient. (AC +3)
You are immune to poison.
You resist negative energy. (rN+)
You are resistant to electric shocks. (rElec)
You are resistant to unholy torment.
You are immune to petrification.


Message History

The goblin unwields a +0 club.
The goblin wields a +0 sling.
The goblin shoots a sling bullet.
The sling bullet hits you but does no damage.
The goblin hits you but does no damage.
The goblin shoots a sling bullet.
The sling bullet closely misses you.
There is an escape hatch in the floor here.
Casting: Foxfire (safe; 6% risk of failure)
Confirm with . or Enter, or press ? or * to list all spells.
You conjure some foxfire!
Robin roars a battlecry!
The goblin hits you with a +0 dagger.
Unknown command.
The goblin attacks as you move away! The goblin hits you but does no damage.
The foxfire hits the goblin.
The goblin is moderately wounded.
The foxfire hits the goblin.
The goblin is heavily wounded.
Robin throws the goblin at you!
The goblin unwields a +0 dagger.
The goblin wields a +0 sling.
The goblin shoots a sling bullet.
The sling bullet barely misses you.
You closely miss the goblin. The goblin closely misses you.
The goblin shoots a sling bullet.
The sling bullet hits you but does no damage.
The goblin hits you with a +0 dagger.
The goblin shoots a sling bullet.
The sling bullet barely misses you.
The goblin shoots a sling bullet.
The sling bullet hits you.
Casting: Foxfire (safe; 6% risk of failure)
Confirm with . or Enter, or press ? or * to list all spells.
You miscast Foxfire.
You are very lightly contaminated with residual magic.
Nothing appears to happen.
The goblin hits you but does no damage.
The goblin shoots a sling bullet.
The sling bullet closely misses you.
The goblin shoots a sling bullet.
The sling bullet hits you.
* * * LOW HITPOINT WARNING * * *
You hear a shout! x2
Unknown command.
Magic courses through your body.
The goblin no longer looks unusually strong.
The goblin hits you with a +0 dagger.
You die...

#. #.###########.
#.#.#########.............
.............#########...
........................
#.........#.#########... #
#.#.#.....#.# #...
#.#÷..#.......# #...
#.#.#.....######## ####...
#.......g@........ ..##...
###.###.#.....##.....#
#.#####
............g.##.....# #.# #
###.###.#..).g##.....# #.# #
#.......)...g......###.# #
##......###...####.....#####
#.......#.g..####........##
#.....#.#....g..g.......†..
#######.#.#....##.........#


You could see Robin, a hobgoblin (strong) and 3 goblins.

Vanquished Creatures
  2 adders (D:2)
  A dart slug (D:1)
  6 bats
  An endoplasm (D:1)
  7 goblins
  A hobgoblin (D:1)
  5 ball pythons
  3 frilled lizards
  A kobold (D:2)
  4 rats
31 creatures vanquished.

Vanquished Creatures (others)
  82 foxfires
82 creatures vanquished.

Grand Total: 113 creatures vanquished

Notes
Turn   | Place    | Note
-------+----------+-------------------------------------------
     0 | D:1      | funkygono the Gargoyle Fire Elementalist began the quest
                  | for the Orb.
     0 | D:1      | Reached XP level 1. HP: 10/10 MP: 3/3
   163 | D:1      | Reached XP level 2. HP: 13/15 MP: 1/5
   166 | D:1      | Learned a level 2 spell: Scorch
  1022 | D:2      | Reached XP level 3. HP: 19/19 MP: 2/6
  1026 | D:2      | Learned a level 3 spell: Kindle Blastsparks
  1427 | D:2      | Found a runed translucent door.
  1428 | D:2      | Identified the +4 hammer of Flawed Execution {antimagic,
                  | rPois rC- rCorr Int+6}
  1428 | D:2      | Noticed Crazy Yiuf
  1525 | D:2      | Noticed Robin
  1558 | D:2      | Slain by a goblin

Illustrated notes

Levels and vault maps discovered:
D:1:      scummos_arrival_simple_fountains, layout_basic, st_stairs_2,
          minmay_heptomino_o4
D:2:      layout_basic, uniq_robin, uniq_crazy_yiuf_cottage

Action                     || total
---------------------------++-------
  Melee: Whip              ||     4
   Cast: Foxfire           ||    51
         Scorch            ||     2
    Use: Potion            ||     1
 Armour: Robe              ||    13
  Dodge: Dodged            ||    22

Table legend: (Time is in decaauts)
 A = Elapsed time spent in this place.
 B = Non-inter-level travel time spent in this place.
 C = Inter-level travel time spent in this place.
 D = Time resting spent in this place.
 E = Time spent auto-exploring this place.
 F = Levels seen in this place.
 G = Mean time per level.
                   A        B        C        D        E       F      G
               +--------+--------+--------+--------+--------+-----+--------+
         Total |   1556 |   1536 |     20 |      0 |   1260 |   2 |  778.0 |
       Dungeon |   1556 |   1536 |     20 |      0 |   1260 |   2 |  778.0 |
               +--------+--------+--------+--------+--------+-----+--------+

Top non-repeatable levels by time:
     D:1: 891 daAuts
     D:2: 665 daAuts
